 Dungeon Crawl Stone Soup version 0.29-a0-529-gfa20dd96a1 (webtiles) character file.

Game seed: 16866335997703903387

756 testman the Archer (level 7, -9/56 HPs)
             Began as a Gnoll Wanderer on June 1, 2022.
             Was a Believer of the Shining One.
             Mangled by Duvessa
             ... wielding a +0 short sword
              (10 damage)
             ... on level 4 of the Dungeon.
             The game lasted 00:19:40 (3744 turns).

testman the Archer (Gnoll Wanderer)                 Turns: 3744, Time: 00:19:40

Health: -9/56      AC:  5    Str: 12    XL:     7   Next: 79%
Magic:  11/11      EV: 13    Int: 18    God:    the Shining One [**....]
Gold:   166        SH:  0    Dex: 20    Spells: 8/11 levels left

rFire   + . .      SeeInvis .   c - +0 shortbow
rCold   + + +      Faith    .   (shield currently unavailable)
rNeg    + . .      Spirit   .   s - +2 leather armour "Lapligg" {rC++ Int+6 Dex-4}
rPois   +          Reflect  .   (no helmet)
rElec   +          Harm     .   (no cloak)
rCorr   +          Rampage  .   (no gloves)
Will    .....                   (no boots)
Stlth   ++........              (no amulet)
HPRegen 0.18/turn               r - +6 ring of dexterity
MPRegen 0.12/turn               y - +6 ring of dexterity

@: brilliant, resistant, glowing
A: fangs 1, strong nose, distributed training
a: Renounce Religion, Divine Shield


You were on level 4 of the Dungeon.
You worshipped the Shining One.
The Shining One was pleased with you.
You visited 1 branch of the dungeon, and saw 4 of its levels.

You collected 166 gold pieces.

Inventory:

Hand Weapons
 a - a +2 dagger
 c - a +0 shortbow (weapon)
 w - a +1 vorpal flail
 B - a +1 dagger of venom
Missiles
 p - 5 poisoned darts
Armour
 f - a +0 leather armour
 s - the +2 leather armour "Lapligg" (worn) {rC++ Int+6 Dex-4}
   (You found it on level 2 of the Dungeon)

   Int:       It affects your intelligence (+6).
   Dex:       It affects your dexterity (-4).
   rC:        It greatly protects you from cold.
Jewellery
 r - a +6 ring of dexterity (left hand)
 t - a ring of willpower
 y - a +6 ring of dexterity (right hand)
Wands
 A - a wand of digging (7)
Scrolls
 b - a scroll of fear
 e - 3 scrolls of vulnerability
 i - a scroll of amnesia {unknown}
 l - 2 scrolls of fog {unknown}
 m - 2 scrolls of noise {unknown}
 n - 6 scrolls of identify {unknown}
 u - a scroll of teleportation {unknown}
 v - 2 scrolls of blinking {unknown}
Potions
 d - a potion of attraction
 g - a potion of might
 k - 2 potions of curing
 o - a potion of ambrosia
 z - a potion of lignification {unknown}
 C - a potion of magic


   Skills:
 + Level 5.3 Fighting
 + Level 2.7 Short Blades
 + Level 2.7 Long Blades
 + Level 2.7 Axes
 + Level 2.7 Maces & Flails
 + Level 2.7 Polearms
 + Level 2.7 Staves
 + Level 2.7 Slings
 + Level 9.0 Bows
 + Level 2.7 Crossbows
 + Level 3.8 Throwing
 + Level 2.7 Armour
 + Level 2.7 Dodging
 + Level 6.6 Stealth
 + Level 2.7 Shields
 + Level 2.7 Unarmed Combat
 + Level 2.7 Spellcasting
 + Level 2.2 Conjurations
 + Level 2.2 Hexes
 + Level 2.2 Summonings
 + Level 2.2 Necromancy
 + Level 2.2 Translocations
 + Level 2.2 Transmutations
 + Level 2.2 Fire Magic
 + Level 2.2 Ice Magic
 + Level 2.2 Air Magic
 + Level 2.2 Earth Magic
 + Level 2.2 Poison Magic
 + Level 3.0 Invocations
 + Level 2.7 Evocations


You had 8 spell levels left.
You knew the following spells:

 Your Spells              Type           Power      Damage    Failure   Level
a - Portal Projectile     Hex/Tloc       30%        N/A       26%         3

Your spell library contained the following spells:

 Spells                   Type           Power      Damage    Failure   Level
 Sting                    Tmut/Pois      60%        1d6       9%          1
 Poisonous Vapours        Pois/Air       30%        N/A       13%         2
 Call Canine Familiar     Summ           15%        N/A       26%         3
 Leda's Liquefaction      Hex/Erth       7%         N/A       65%         4
 Olgreb's Toxic Radiance  Pois           15%        N/A       65%         4


Dungeon Overview and Level Annotations

Branches:
Dungeon (4/15)
 Temple: D:4-7

Altars:
Cheibriados
The Shining One

Shops:
D:2 (

Annotations:
D:4 Duvessa


Innate Abilities, Weirdness & Mutations

You have very sharp teeth.
Your uncanny sense of smell can sniff out nearby items.
Your experience applies equally to all skills.


Message History

Aim: Duvessa, wielding a +0 short sword and wearing a +0 leather armour (heavily wounded, berserk, fast, haloed, 84% to hit)
You throw a throwing net. The throwing net hits Duvessa.
Duvessa is caught in the net!
Duvessa is heavily wounded.
Duvessa struggles against the net.
Duvessa struggles against the net. x2
The net rips apart, and Duvessa comes free!
You are too injured to fight recklessly!
Okay, then.
Okay, then.
Okay, then.
It was a potion of curing.
You feel better.
You are too injured to fight recklessly!
It was a potion of magic.
Magic courses through your body. Duvessa hits you with a +0 short sword!
* * * LOW HITPOINT WARNING * * *
Duvessa barely misses you.
It was a potion of might.
You feel very mighty all of a sudden. Duvessa closely misses you.
It was a potion of ambrosia.
You are confused.
You feel invigorated. Duvessa hits you with a +0 short sword.
* * * LOW HITPOINT WARNING * * *
Duvessa completely misses you.
It was a potion of cancellation.
Your magical effects are unravelling.
You feel magically purged.
You feel less invigorated.
You feel less confused.
You feel a little less mighty now. Duvessa completely misses you.
Duvessa hits you with a +0 short sword!
* * * LOW HITPOINT WARNING * * *
It was a potion of resistance.
You feel protected. Duvessa hits you with a +0 short sword!
* * * LOW HITPOINT WARNING * * *
Okay, then.
It was a potion of brilliance.
You feel clever all of a sudden. Duvessa hits you with a +0 short sword!
You die...

.....##.#........#.#......#######
.....##............#.............
.....###...........#......#......
.....# #...........#.............
.....# #...........#......#......
..#### ............#......#......
#.####.##.....)>..##......#......
..))...###.....e#.......†........
.####### ####.##@.##.............
..###########....###.............
#..†.............# #######.......
##########.......# #.#.####
.................#########....#
#.....................>.####..#
###########......######...#####
#####...#######...###
##.......####...#


You could see Duvessa (berserk, fast).

Vanquished Creatures
  Grinder (D:3)
  An ogre (D:4)
  A necrophage (D:4)
  Dowan (D:4)
  A hound (D:4)
  An orc priest (D:3)
  Natasha (thrice) (D:3)
  Jessica (D:3)
  2 iguanas (D:4)
  3 gnolls (D:3)
  3 adders
  4 worms
  8 orcs
  9 endoplasms
  4 giant cockroaches
  8 goblins
  8 hobgoblins
  4 jackals (D:1)
  8 kobolds
  8 quokkas
  4 ball pythons
  3 bats
  4 frilled lizards
  9 rats
99 creatures vanquished.

Vanquished Creatures (others)
  40 plants (D:2)
40 creatures vanquished.

Grand Total: 139 creatures vanquished

Notes
Turn   | Place    | Note
-------+----------+-------------------------------------------
     0 | D:1      | testman the Gnoll Wanderer began the quest for the Orb.
     0 | D:1      | testman set off with the following items: a +2 dagger, a
                  | scroll of fear, a +0 shortbow, a potion of attraction, a
                  | scroll of vulnerability, a +0 leather armour
     0 | D:1      | Reached XP level 1. HP: 20/20 MP: 1/1
   199 | D:1      | Reached XP level 2. HP: 26/26 MP: 2/2
   392 | D:1      | Found a faded altar of an unknown god.
   401 | D:1      | Prayed at the altar of an unknown god.
   401 | D:1      | Became a worshipper of the Shining One
   401 | D:1      | Reached * piety under the Shining One
   773 | D:1      | Reached XP level 3. HP: 31/31 MP: 3/3
  1205 | D:2      | Identified the +2 leather armour "Lapligg" {rC++ Int+6
                  | Dex-4}
  1224 | D:2      | Reached skill level 1 in Invocations
  1262 | D:2      | Learned a level 3 spell: Portal Projectile
  1329 | D:2      | Reached skill level 1 in Short Blades
  1329 | D:2      | Reached skill level 1 in Long Blades
  1329 | D:2      | Reached skill level 1 in Axes
  1329 | D:2      | Reached skill level 1 in Maces & Flails
  1329 | D:2      | Reached skill level 1 in Polearms
  1329 | D:2      | Reached skill level 1 in Staves
  1329 | D:2      | Reached skill level 1 in Slings
  1329 | D:2      | Reached skill level 1 in Crossbows
  1329 | D:2      | Reached skill level 1 in Armour
  1329 | D:2      | Reached skill level 1 in Dodging
  1329 | D:2      | Reached skill level 1 in Shields
  1329 | D:2      | Reached skill level 1 in Unarmed Combat
  1329 | D:2      | Reached skill level 1 in Spellcasting
  1329 | D:2      | Reached skill level 1 in Evocations
  1330 | D:2      | Found a snail-covered altar of Cheibriados.
  1352 | D:2      | Reached XP level 4. HP: 38/38 MP: 5/5
  1554 | D:2      | Found Ucodwire's Antique Weapon Boutique.
  2116 | D:3      | Noticed Jessica
  2122 | D:3      | Killed Jessica
  2122 | D:3      | Reached ** piety under the Shining One
  2123 | D:3      | Reached skill level 1 in Conjurations
  2123 | D:3      | Reached skill level 1 in Hexes
  2123 | D:3      | Reached skill level 1 in Summonings
  2123 | D:3      | Reached skill level 1 in Necromancy
  2123 | D:3      | Reached skill level 1 in Translocations
  2123 | D:3      | Reached skill level 1 in Transmutations
  2123 | D:3      | Reached skill level 1 in Fire Magic
  2123 | D:3      | Reached skill level 1 in Ice Magic
  2123 | D:3      | Reached skill level 1 in Air Magic
  2123 | D:3      | Reached skill level 1 in Earth Magic
  2123 | D:3      | Reached skill level 1 in Poison Magic
  2257 | D:3      | Reached XP level 5. HP: 37/43 MP: 5/7
  2342 | D:3      | Noticed Grinder
  2348 | D:3      | Paralysed by Grinder for 2 turns
  2361 | D:3      | Killed Grinder
  2362 | D:3      | Reached skill level 5 in Fighting
  2362 | D:3      | Reached XP level 6. HP: 34/51 MP: 7/9
  2532 | D:3      | Noticed Natasha
  2537 | D:3      | Killed Natasha
  2582 | D:3      | Noticed Natasha
  2584 | D:3      | Killed Natasha
  2831 | D:3      | Noticed Natasha
  2851 | D:3      | Killed Natasha
  3134 | D:3      | Reached XP level 7. HP: 31/56 MP: 10/10
  3626 | D:4      | Reached skill level 9 in Bows
  3709 | D:4      | Noticed Dowan
  3715 | D:4      | Killed Dowan
  3727 | D:4      | Noticed Duvessa
  3743 | D:4      | HP: 1/56 [Duvessa/+0 short sword (9)]
  3744 | D:4      | Mangled by Duvessa

Illustrated notes

Levels and vault maps discovered:
D:1:      onia_arrival_handbag, layout_basic, basic_ecumenical_altar,
          minmay_tromino_mix6
D:2:      wad_woods_stonehenge, layout_loops_cross, serial_shops,
          nicolae_shop_trees
D:3:      layout_basic, kennysheep_cluttered_room, uniq_natasha, uniq_jessica,
          uniq_grinder
D:4:      layout_rooms, nicolae_wu_jian_glorious_leap, uniq_duvessa, uniq_ijyb

Skill      XL: |  1  2  3  4  5  6  7 |
---------------+----------------------+-----
Stealth        | 6 |  6.6
Invocations    | 1 2 3 |  3.0
Short Blades   | 1 2 |  2.7
Long Blades    | 1 2 |  2.7
Axes           | 1 2 |  2.7
Maces & Flails | 1 2 |  2.7
Polearms       | 1 2 |  2.7
Staves         | 1 2 |  2.7
Slings         | 1 2 |  2.7
Crossbows      | 1 2 |  2.7
Armour         | 1 2 |  2.7
Dodging        | 1 2 |  2.7
Shields        | 1 2 |  2.7
Unarmed Combat | 1 2 |  2.7
Spellcasting   | 1 2 |  2.7
Evocations     | 1 2 |  2.7
Conjurations   | 1 2 |  2.2
Hexes          | 1 2 |  2.2
Summonings     | 1 2 |  2.2
Necromancy     | 1 2 |  2.2
Translocations | 1 2 |  2.2
Transmutations | 1 2 |  2.2
Fire Magic     | 1 2 |  2.2
Ice Magic      | 1 2 |  2.2
Air Magic      | 1 2 |  2.2
Earth Magic    | 1 2 |  2.2
Poison Magic   | 1 2 |  2.2
Fighting       | 5 |  5.3
Throwing       | 3 |  3.8
Bows           | 9 |  9.0

Action                   |  1- 3 |  4- 6 |  7- 9 || total
-------------------------+-------+-------+-------++-------
Melee: Dagger            |     6 |       |       ||     6
       Hand axe          |     9 |       |       ||     9
       Bite              |     1 |       |       ||     1
 Fire: Shortbow          |    75 |   128 |   104 ||   307
Throw: Throwing net      |       |       |     1 ||     1
  Use: Potion            |       |       |     7 ||     7
Armor: Leather armour    |     9 |     7 |     6 ||    22
Dodge: Dodged            |    28 |    18 |    30 ||    76

Table legend: (Time is in decaauts)
 A = Elapsed time spent in this place.
 B = Non-inter-level travel time spent in this place.
 C = Inter-level travel time spent in this place.
 D = Time resting spent in this place.
 E = Time spent auto-exploring this place.
 F = Levels seen in this place.
 G = Mean time per level.
                   A        B        C        D        E       F      G
               +--------+--------+--------+--------+--------+-----+--------+
         Total |   3773 |   3629 |    144 |      0 |   3044 |   4 |  943.2 |
       Dungeon |   3773 |   3629 |    144 |      0 |   3044 |   4 |  943.2 |
               +--------+--------+--------+--------+--------+-----+--------+

Top non-repeatable levels by time:
     D:3: 1718 daAuts
     D:1: 1047 daAuts
     D:2: 623 daAuts
     D:4: 384 daAuts
